 Dungeon Crawl Stone Soup version 0.29-a0-541-gaf1fc19f1b (webtiles) character file.

Game seed: 16800017400047291326

2215 lunkers the Purveyor of Pain (level 9, -11/57 HPs)
             Began as a Vampire Necromancer on June 2, 2022.
             Was an Initiate of Kikubaaqudgha.
             Killed from afar by a deep elf pyromancer (23 damage)
             ... with a bolt of fire
             ... on level 7 of the Dungeon on June 3, 2022.
             The game lasted 00:21:19 (7240 turns).

lunkers the Purveyor of Pain (Vampire Necromancer)  Turns: 7240, Time: 00:21:20

Health: -11/57     AC:  6    Str:  7    XL:     9   Next: 13%
Magic:  18/18      EV: 12    Int: 28    God:    Kikubaaqudgha [......]
Gold:   299        SH:  6    Dex: 14    Spells: 13/21 levels left

rFire   . . .      SeeInvis +   b - +8 trident of the Octopus King {venom, rElec rPois}
rCold   . . .      Faith    .   n - +3 buckler {rN+}
rNeg    + + +      Spirit   .   t - +2 robe {rN+}
rPois   +          Reflect  .   y - +2 hat
rElec   +          Harm     .   (no cloak)
rCorr   .          Rampage  .   (no gloves)
Will    .....                   (no boots)
Stlth   ++........              (no amulet)
HPRegen 0.39/turn               G - +6 ring of intelligence
MPRegen 0.16/turn               B - ring of positive energy

@: healing quickly
A: alive, fangs 3, see invisible, vampiric 2
a: Exsanguinate, Renounce Religion


You were on level 7 of the Dungeon.
You worshipped Kikubaaqudgha.
Kikubaaqudgha was noncommittal.
You visited 2 branches of the dungeon, and saw 8 of its levels.

You collected 299 gold pieces.

Inventory:

Hand Weapons
 a - a +3 dagger of flaming
 b - the +8 trident of the Octopus King (weapon) {venom, rElec rPois}
   (You found it on level 5 of the Dungeon)

   It poisons the flesh of those it strikes.
   rElec:     It insulates you from electricity.
   rPois:     It protects you from poison.
Armour
 d - a +0 pair of gloves
 n - a +3 buckler of positive energy (worn)
 t - a +2 robe of positive energy (worn)
 y - a +2 hat (worn)
Jewellery
 j - a ring of flight
 B - a ring of positive energy (right hand)
 G - a +6 ring of intelligence (left hand)
Wands
 c - a wand of iceblast (10)
 x - a wand of flame (34)
Scrolls
 i - a scroll of fog
 l - 2 scrolls of poison
 m - 4 scrolls of immolation
 u - 3 scrolls of enchant armour
 E - 2 scrolls of teleportation
 F - a scroll of enchant weapon
Potions
 e - 2 potions of flight
 f - 2 potions of haste
 g - 3 potions of brilliance
 h - a potion of mutation {unknown}
 k - 4 potions of heal wounds
 o - a potion of ambrosia {unknown}
 p - a potion of degeneration {unknown}
 r - 3 potions of curing {unknown}
 v - 2 potions of lignification {unknown}
 w - 3 potions of might
 z - a potion of magic
 D - a potion of invisibility {unknown}


   Skills:
 - Level 2.1 Dodging
 - Level 3.0 Stealth
 + Level 6.6 Spellcasting
 * Level 11.7 Necromancy


You had 13 spell levels left.
You knew the following spells:

 Your Spells              Type           Power      Damage    Failure   Level
a - Necrotize             Necr           100%       1d9       1%          1
b - Vampiric Draining     Necr           66%        2d10      1%          3
c - Animate Dead          Necr           66%        N/A       1%          4

Your spell library contained the following spells:

 Spells                   Type           Power      Damage    Failure   Level
 Sublimation of Blood     Necr           66%        N/A       1%          2
 Agony                    Necr           66%        N/A       1%          5
 Poisonous Vapours        Pois/Air       18%        N/A       12%         2
 Corpse Rot               Necr/Pois/Air  31%        N/A       16%         4
 Gell's Gravitas          Tloc           9%         N/A       24%         3
 Lesser Beckoning         Tloc           9%         N/A       24%         3
 Summon Guardian Golem    Hex/Summ       9%         N/A       24%         3
 Teleport Other           Tloc           9%         N/A       24%         3
 Petrify                  Tmut/Erth      9%         N/A       61%         4
 Irradiate                Conj/Tmut      4%         3d14      91%         5
 Orb of Destruction       Conj           4%         9d5       100%        7
 Spellforged Servitor     Conj/Summ      4%         N/A       100%        7


Dungeon Overview and Level Annotations

Branches:
Dungeon (7/15)             Temple (1/1) D:5

Altars:
Ashenzari
Cheibriados
Dithmenos
Elyvilon
Fedhas
Gozag
Hepliaklqana
Kikubaaqudgha
Makhleb
Nemelex Xobeh
Okawaru
Qazlal
Ru
Sif Muna
Trog
Uskayaw
Vehumet
Xom
Yredelemnul
The Shining One

Shops:
D:2 (   D:3 (   D:6 (


Innate Abilities, Weirdness & Mutations

Your natural rate of healing is accelerated.
You have razor-sharp teeth.
You have supernaturally acute eyesight. (SInv)
You are afflicted with vampirism and can become a bat while bloodless.


Message History

There is an open door here.
You start resting.
A kobold demonologist comes into view. It is wielding a staff of fire.
You see here 16 stones.
An iguana comes into view.
You hit the iguana.
The iguana is poisoned.
The iguana is moderately wounded.
The iguana barely misses you.
You hit the iguana.
The iguana looks as sick as possible!
The iguana is almost dead.
You kill the iguana!
Kikubaaqudgha accepts your kill.
You start resting.
Magic restored.
HP restored.
You open the door.
A gargoyle comes into view. It is wielding a +0 morningstar.
There is an open door here.
A gargoyle is nearby!
A gargoyle is nearby!
A gargoyle is nearby!
Aiming: Throw Flame
Press: ? - help, Shift-Dir - straight line, f - gargoyle
Aim: a gargoyle, wielding a +0 morningstar (85% to hit)
The puff of flame misses the gargoyle.
You closely miss the gargoyle.
The gargoyle hurls a stone arrow at you.
The stone arrow hits you!!
A deep elf pyromancer comes into view. It is wielding a +0 rapier.
You block the gargoyle's attack.
You barely miss the gargoyle. The gargoyle closely misses you.
The deep elf pyromancer shouts!
You hit the gargoyle but do no damage.
The gargoyle hurls a stone arrow at you.
The stone arrow hits you!!
* * * LOW HITPOINT WARNING * * *
The deep elf pyromancer points at you and mumbles some strange words.
The bolt of fire hits you!!
You die...
Kikubaaqudgha rasps: "You have failed me!
Welcome... death!"

########## .........##
..........## ...........#
#### ...........# #....
...........############..#
........................#
...........#...........# ..
..........#..###@###..##..#
.........#..##....9##.#..#
######.##..##.(.....###.##
....##.##.##.........#.#.#
........#.#...........$.##
###.##....#.⌠.._._.e⌠....#
#..÷...('.....)..)...#.
####.##.#.⌠.._._..⌠..#
#.##.#...........##


You could see a deep elf pyromancer and a gargoyle.

Vanquished Creatures
  Sigmund (D:3)
  A wyvern (D:7)
  Menkaure (D:6)
  Duvessa (D:7)
  4 water moccasins
  A centaur (D:7)
  A phantom (D:4)
  A bullfrog (D:6)
  A gnoll sergeant (D:7)
  2 necrophages
  Dowan (D:7)
  A hound (D:4)
  2 orc priests
  A gnoll shaman (D:7)
  Jessica (D:3)
  6 iguanas
  5 orc wizards
  A hound zombie (D:3)
  A mummy (D:4)
  Robin (D:3)
  13 adders
  4 gnolls (D:7)
  A shadow imp (D:6)
  4 white imps
  An adder zombie (D:3)
  2 worms
  2 dart slugs (D:3)
  23 orcs
  5 ball pythons
  4 bats
  11 endoplasms
  2 giant cockroaches
  17 goblins
  8 hobgoblins
  A jackal (D:2)
  5 kobolds (D:1)
  6 quokkas
  4 frilled lizards
  2 hobgoblin zombies (D:4)
  2 orc zombies (D:4)
  5 rats
156 creatures vanquished.

Vanquished Creatures (collateral kills)
  2 goblins
  A hobgoblin (D:2)
  A jackal (D:2)
4 creatures vanquished.

Grand Total: 160 creatures vanquished

Notes
Turn   | Place    | Note
-------+----------+-------------------------------------------
     0 | D:1      | lunkers the Vampire Necromancer began the quest for the
                  | Orb.
     0 | D:1      | Reached XP level 1. HP: 13/13 MP: 3/3
   214 | D:1      | Found a faded altar of an unknown god.
   219 | D:1      | Reached XP level 2. HP: 19/19 MP: 0/5
   534 | D:1      | Reached skill level 5 in Necromancy
   812 | D:1      | Gained mutation: You are afflicted with vampirism and can
                  | become a bat while bloodless. [Vampire growth]
   812 | D:1      | Reached XP level 3. HP: 24/24 MP: 4/6
  1248 | D:2      | Found Nuixite's Antique Weapon Shop.
  1683 | D:2      | Reached XP level 4. HP: 29/30 MP: 1/8
  1816 | D:2      | Reached skill level 6 in Necromancy
  1943 | D:3      | Noticed Robin
  1967 | D:2      | Learned a level 3 spell: Vampiric Draining
  1972 | D:2      | Learned a level 4 spell: Animate Dead
  2068 | D:3      | Noticed Jessica
  2073 | D:3      | Killed Jessica
  2074 | D:3      | Reached XP level 5. HP: 35/35 MP: 4/9
  2154 | D:3      | Found a faded altar of an unknown god.
  2235 | D:3      | Noticed Sigmund
  2405 | D:3      | Found a basalt altar of Yredelemnul.
  2640 | D:3      | Found a sacrificial altar of Ru.
  2753 | D:3      | Killed Robin
  2866 | D:3      | Found Juxy's Antique Weapon Shop.
  3076 | D:3      | Killed Sigmund
  3077 | D:3      | Reached skill level 7 in Necromancy
  3077 | D:3      | Reached XP level 6. HP: 40/41 MP: 7/11
  3354 | D:4      | Found a shadowy altar of Dithmenos.
  3791 | D:4      | Reached skill level 8 in Necromancy
  3950 | D:4      | Reached XP level 7. HP: 46/46 MP: 4/13
  4359 | D:5      | Entered Level 5 of the Dungeon
  4604 | D:5      | Found the +8 trident of the Octopus King {venom, rElec
                  | rPois}
  5025 | D:5      | Reached skill level 9 in Necromancy
  5363 | D:5      | Found a staircase to the Ecumenical Temple.
  5375 | Temple   | Entered the Ecumenical Temple
  5575 | Temple   | Became a worshipper of Kikubaaqudgha
  5674 | D:6      | Reached skill level 5 in Spellcasting
  5748 | D:6      | Reached XP level 8. HP: 30/52 MP: 9/15
  6108 | D:6      | Found Dinkesuy's Weapon Boutique.
  6124 | D:6      | Reached skill level 10 in Necromancy
  6267 | D:6      | Noticed Menkaure
  6273 | D:6      | Killed Menkaure
  6763 | D:7      | Noticed Dowan
  6766 | D:7      | Noticed Duvessa
  6774 | D:7      | Killed Duvessa
  6775 | D:7      | Reached skill level 11 in Necromancy
  6779 | D:7      | Killed Dowan
  7079 | D:7      | Found a shadowy altar of Dithmenos.
  7080 | D:7      | Found a sparkling altar of Nemelex Xobeh.
  7081 | D:7      | Found a bloodstained altar of Trog.
  7081 | D:7      | Found a shimmering altar of Xom.
  7099 | D:7      | Reached XP level 9. HP: 22/57 MP: 9/18
  7138 | D:7      | Noticed a kobold demonologist
  7234 | D:7      | Noticed a gargoyle
  7237 | D:7      | Noticed a deep elf pyromancer
  7240 | D:7      | Killed from afar by a deep elf pyromancer

Illustrated notes

Levels and vault maps discovered:
D:1:      ncdulo_watergridlock, layout_loops_ring,
          shapermc_ecumenical_altar_starsandcircs
D:2:      layout_basic, serial_shops, shop
D:3:      layout_basic, nicolae_overflow_ecumenical_swirl,
          lemuel_zombie_altar_yredelemnul, nicolae_ru_great_annihilating_truth,
          serial_shops, shop, uniq_robin, uniq_sigmund, uniq_jessica
D:4:      layout_basic, kennysheep_little_box, amcnicky_mini_corridor_feature,
          minmay_mini_ossuary
D:5:      layout_loops_ring, minmay_temple_entry_poolview
D:6:      layout_basic, serial_shops, nicolae_shop_window_shopping, minmay_bent,
          uniq_menkaure
D:7:      minmay_the_grid_octo_triangle [minmay_the_grid_octo_fat_diamond,
          minmay_the_grid_octo_prize_ultimate_mussel_roller,
          minmay_the_grid_octo_shrine], layout_rooms, overflow_temple_1_default,
          uniq_duvessa
Temple:   eino_narrow_crystal_temple

Skill      XL: |  1  2  3  4  5  6  7  8 |
---------------+-------------------------+-----
Necromancy     | 5 6 7 8 9 11 | 11.7
Spellcasting   | 3 4 5 6 |  6.6
Dodging        | |  2.1
Stealth        | |  3.0

Action                   |  1- 3 |  4- 6 |  7- 9 || total
-------------------------+-------+-------+-------++-------
Melee: Dagger            |    18 |    64 |   104 ||   186
       Bite              |     3 |     8 |    16 ||    27
       Punch             |       |     1 |       ||     1
       Trident           |       |       |    30 ||    30
 Cast: Necrotize         |    77 |    83 |    74 ||   234
       Vampiric Draining |       |     1 |    28 ||    29
Evoke: Wand              |       |       |     5 ||     5
  Use: Scroll            |       |     3 |    12 ||    15
 Stab: Sleeping          |       |     1 |       ||     1
Armor: Robe              |     1 |    12 |    41 ||    54
Dodge: Dodged            |    12 |    58 |    81 ||   151
Block: Buckler           |       |       |    54 ||    54

Table legend: (Time is in decaauts)
 A = Elapsed time spent in this place.
 B = Non-inter-level travel time spent in this place.
 C = Inter-level travel time spent in this place.
 D = Time resting spent in this place.
 E = Time spent auto-exploring this place.
 F = Levels seen in this place.
 G = Mean time per level.
                   A        B        C        D        E       F      G
               +--------+--------+--------+--------+--------+-----+--------+
         Total |   7253 |   6882 |    371 |    135 |   5431 |   8 |  906.6 |
       Dungeon |   7044 |   6686 |    358 |    135 |   5243 |   7 | 1006.3 |
        Temple |    208 |    195 |     13 |      0 |    188 |   1 |  208.0 |
               +--------+--------+--------+--------+--------+-----+--------+

Top non-repeatable levels by time:
     D:4: 1163 daAuts
     D:2: 1089 daAuts
     D:3: 1074 daAuts
     D:5: 1048 daAuts
     D:1: 1034 daAuts
     D:6: 963 daAuts
     D:7: 671 daAuts
  Temple: 208 daAuts
